Map: [ESL] Dragon Scales

Players

Rail

  • Race: Protoss Protoss
  • Spawn Location: 5:00

ShaDoWn - Winner!

  • Race: Protoss Protoss
  • Spawn Location: 11:00

Event: ESL SC2 Masters 2023 Summer (Finals)

VOD

Have the link to the VOD?

Description

Time

  • Played on: June 16, 2023, 8:24 a.m.
  • Length: 6:49

All games in this series

Show
View Real Time Build Order
Export as new Build Order

Rail Protoss 

Build Orders: Blink Stalkers 

Get SALT Encoding   

  12  0:00  Probe  
  13  0:12  Probe  
  14  0:17  Pylon  
  14  0:24  Probe (Chrono Boost)  
  15  0:36  Probe (Chrono Boost), Gateway  
  16  0:44  Probe (Chrono Boost)  
  16  0:46  Assimilator  
  17  0:51  Probe  
  18  1:03  Probe (Chrono Boost)  
  19  1:06  Gateway  
  19  1:12  Assimilator  
  19  1:13  Probe (Chrono Boost)  
  19  1:17  Probe (Chrono Boost)  
  20  1:24  Cybernetics Core  
  21  1:29  Probe  
  22  1:35  Pylon  
  22  1:45  Probe  
  23  1:57  Probe  
  23  2:01  Stalker x2  
  28  2:05  Warp Gate  
  28  2:09  Probe  
  29  2:16  Pylon  
  29  2:31  Stalker  
  33  2:42  Twilight Council  
  33  2:51  Sentry  
  33  2:58  Nexus  
  33  3:01  Probe  
  36  3:13  Pylon  
  36  3:14  Probe  
  36  3:17  Blink (Chrono Boost)  
  37  3:26  Probe  
  36  3:29  Stalker  
  38  3:38  Probe  
  39  3:53  Probe, Stalker  
  42  4:02  Pylon  
  42  4:03  Probe (Chrono Boost)  
  42  4:09  Stalker  
  45  4:11  Probe (Chrono Boost)  
  45  4:15  Probe (Chrono Boost)  
  47  4:17  Stalker  
  47  4:21  Probe (Chrono Boost)  
  47  4:23  Probe (Chrono Boost)  
  51  4:24  Gateway  
  51  4:25  Probe (Chrono Boost)  
  52  4:32  Probe  
  52  4:33  Stalker  
  52  4:37  Probe  
  56  4:41  Stalker  
  58  4:47  Probe  
  58  4:49  Probe  
  60  4:57  Stalker  
  62  5:04  Stalker  
  62  5:05  Pylon  
  64  5:08  Pylon  
  64  5:17  Nexus  
  64  5:21  Stalker x2  
  64  5:27  Robotics Facility  
  68  5:30  Stalker  
  68  5:33  Assimilator  
  70  5:38  Probe  
  70  5:39  Probe  
  72  5:44  Stalker x2  
  72  5:49  Pylon  
  76  5:54  Stalker  
  76  5:56  Probe  
  79  5:57  Probe  
  80  6:07  Stalker x2  
  80  6:10  Probe  
  85  6:13  Stalker  
  85  6:14  Probe  
  85  6:15  Observer  
  60  6:44  Stalker x2  
Show
View Real Time Build Order
Export as new Build Order

ShaDoWn Protoss - Winner!

Build Orders: Phoenix Opening, Blink Stalkers 

Get SALT Encoding   

  12  0:00  Probe  
  13  0:12  Probe  
  14  0:17  Pylon  
  14  0:24  Probe  
  15  0:35  Gateway  
  15  0:36  Probe (Chrono Boost)  
  16  0:46  Probe (Chrono Boost), Assimilator  
  17  0:51  Probe (Chrono Boost)  
  18  1:03  Probe (Chrono Boost)  
  19  1:04  Assimilator  
  19  1:11  Gateway  
  19  1:13  Probe (Chrono Boost)  
  19  1:18  Probe (Chrono Boost)  
  20  1:23  Cybernetics Core  
  21  1:29  Probe  
  22  1:35  Pylon  
  22  1:41  Probe  
  23  1:53  Probe  
  24  2:00  Warp Gate, Stalker  
  26  2:05  Probe  
  26  2:06  Sentry  
  29  2:17  Pylon  
  29  2:18  Probe  
  30  2:35  Stalker  
  30  2:36  Phoenix  
  32  2:43  Nexus  
  31  2:45  Probe  
  31  2:48  Sentry  
  34  2:56  Shield Battery  
  34  2:57  Probe  
  35  3:05  Sentry  
  35  3:09  Pylon  
  35  3:10  Probe  
  38  3:22  Probe (Chrono Boost)  
  38  3:23  Twilight Council  
  39  3:34  Probe (Chrono Boost)  
  40  3:40  Probe (Chrono Boost)  
  41  3:49  Adept x2  
  41  3:50  Probe (Chrono Boost)  
  41  3:55  Probe (Chrono Boost)  
  47  3:57  Blink (Chrono Boost)  
  47  4:02  Probe (Chrono Boost)  
  48  4:05  Probe (Chrono Boost)  
  48  4:09  Probe (Chrono Boost)  
  50  4:10  Robotics Facility  
  50  4:11  Probe (Chrono Boost)  
  50  4:14  Probe  
  52  4:20  Stalker  
  52  4:21  Probe  
  55  4:25  Gateway  
  55  4:26  Probe  
  55  4:30  Stalker  
  58  4:33  Probe  
  58  4:34  Pylon  
  59  4:39  Probe, Assimilator  
  61  4:48  Probe, Stalker x2  
  61  4:49  Assimilator  
  61  4:52  Stalker  
  63  4:54  Stalker  
  63  4:55  Probe  
  63  4:58  Pylon  
  64  5:02  Immortal (Chrono Boost)  
  68  5:16  Pylon  
  68  5:20  Stalker x2  
  72  5:23  Stalker  
  72  5:26  Pylon  
  74  5:33  Immortal (Chrono Boost)  
  78  5:41  Pylon  
  78  5:44  Stalker x2  
  78  5:49  Stalker  
  84  6:04  Observer  
  84  6:07  Stalker x2  
  89  6:16  Probe, Nexus  
  89  6:17  Pylon  
  84  6:29  Stalker  
  84  6:31  Stalker x2  
  82  6:36  Probe  
Tags
 
Add a new tag
Caveats
  • Supply blocks, unpowered buildings, or Contaminate may cause inaccurate times.
  • Supply counts are checked every 10 seconds.